 Dungeon Crawl Stone Soup version 0.19-a0-34-g6972264 (webtiles) character file.

391 aurelian the Cudgeler (level 6, -1/35 HPs)
             Began as a Gargoyle Gladiator on May 2, 2016.
             Was an Initiate of Okawaru.
             Slain by Menkaure (16 damage)
             ... on level 5 of the Dungeon.
             The game lasted 00:10:26 (4077 turns).

aurelian the Cudgeler (Gargoyle Gladiator)          Turns: 4077, Time: 00:10:26

Health: -1/35      AC: 18    Str: 18    XL:     6   Next: 80%
Magic:  6/6        EV: 11    Int:  9    God:    Okawaru [......]
Gold:   266        SH:  0    Dex: 12    Spells: 0 memorised, 5 levels left

rFire  + . .     SeeInvis .     a - +0 flail
rCold  . . .     Gourm    .     p - +0 ring mail
rNeg   + . .     Faith    .     (no shield)
rPois  ∞         Spirit   .     c - +1 helmet
rElec  +         Dismiss  .     (no cloak)
rCorr  .         Reflect  .     (no gloves)
SustAt .         Harm     .     r - +1 pair of boots
MR     .....                    (no amulet)
Stlth  +.........               B - ring of protection from fire
                                k - +5 ring of protection

@: not resistant to hostile enchantments, very unstealthy
A: negative energy resistance 1, electricity resistance, unbreathing,
petrification resistance, rot immunity, AC +4
a: Renounce Religion


You were on level 5 of the Dungeon.
You worshipped Okawaru.
Okawaru was noncommittal.
You were not hungry.

You visited 2 branches of the dungeon, and saw 6 of its levels.

You collected 266 gold pieces.

Inventory:

Hand Weapons
 a - a +0 flail (weapon)
 b - a +0 hunting sling
 u - the +3 trident of Diddaosh {drain, Str+3 Stlth+}
   (You found it on level 4 of the Dungeon)

   A truly terrible weapon, it drains the life of those it strikes.
   It affects your strength (+3).
   It makes you more stealthy.
Missiles
 d - 3 throwing nets
 e - 146 stones (quivered)
 i - 8 poisoned needles
 n - 23 sling bullets
Armour
 c - a +1 helmet (worn)
 o - a +0 shield
 p - a +0 ring mail (worn)
 r - a +1 pair of boots (worn)
Jewellery
 k - a +5 ring of protection (left hand)
 m - the ring of Julokh {*Tele MR++ Str-3}
   (You found it on level 5 of the Dungeon)

   [ring of teleportation]

   It may teleport you next to monsters.
   It affects your strength (-3).
   It affects your resistance to hostile enchantments.
 s - an uncursed ring of positive energy
 B - a ring of protection from fire (right hand)
Scrolls
 t - 2 scrolls of fog
 x - 2 scrolls of remove curse
 y - a scroll of amnesia
 A - a scroll of fear {unknown}
Potions
 j - a potion of berserk rage {unknown}
 q - a potion of heal wounds
 v - a potion of cure mutation {unknown}
 w - 2 potions of haste {unknown}
 z - a potion of degeneration {unknown}
 C - a potion of ambrosia {unknown}
Books
 l - a Fen Folio

   Spells                             Type                      Level
   a - Corpse Rot                     Necromancy                   2
   b - Stone Arrow                    Conjuration/Earth            3
   c - Leda's Liquefaction            Hexes/Earth                  4
   d - Summon Forest                  Summoning/Translocation      5
   e - Hydra Form                     Transmutation                6
   f - Summon Hydra                   Summoning                    7
Comestibles
 f - 5 bread rations
 g - a royal jelly
 h - 5 chunks of flesh


   Skills:
 - Level 2.1 Fighting
 + Level 7.4 Maces & Flails
 - Level 1.7 Throwing
 - Level 2.4 Dodging


You had 5 spell levels left.
You didn't know any spells.

Dungeon Overview and Level Annotations

Branches:
Dungeon (5/15)             Temple (1/1) D:5

Altars:
Dithmenos
Elyvilon
Fedhas
Gozag
Makhleb
Nemelex Xobeh
Okawaru
Pakellas
Qazlal
Sif Muna
Trog
Vehumet
Xom
Yredelemnul
The Shining One

Shops:
D:5 (

Annotations:
D:5 Menkaure


Innate Abilities, Weirdness & Mutations

You are resistant to torment.
Your stone body is resilient (AC +4).
You are immune to poison.
You resist negative energy.
You are resistant to electric shocks.
You can survive without breathing.
You are immune to petrification.
You are immune to rotting.


Message History

f - 5 bread rations (gained 1)
You hear the rapid rusting of a very distant drain.
You hear the drain falling apart.
HP restored.
The walls and floor vibrate strangely for a moment.
Menkaure, Prince of Dust comes into view.
Menkaure shouts!
Menkaure mumbles some strange words.
Menkaure seems to speed up.
You start waiting.
Menkaure barely misses you.
You barely miss Menkaure. Menkaure hits you.
You sock Menkaure!
Menkaure is moderately damaged.
Menkaure hits you!
Some of the chunks of flesh in your inventory have rotted away.
You hit Menkaure.
Menkaure is heavily damaged.
Menkaure hits you!
You die...

#.##.# ###.##.####
..[.......#
###.>.....#
###.......#
..........#
....#.....#
##...###..#########
#...............@.#
..........#######M#
.........#### #.#
#########...# #.#
.[........#.# #.#
#########...## #.#
#...........# #.#
#.######....# #.#
##.#.# #.#


You could see Menkaure.

Vanquished Creatures
  A scorpion (D:5)
  2 orc priests
  2 hounds
  A centaur skeleton (D:4)
  An orc wizard (D:4)
  A hound skeleton (D:4)
  4 adders
  A shadow imp (D:5)
  An ooze (D:4)
  An adder zombie (D:5)
  An adder skeleton (D:4)
  2 worms
  A dart slug (D:4)
  4 giant geckos
  13 orcs
  2 giant cockroaches
  8 goblins
  4 hobgoblins
  3 jackals
  5 quokkas
  2 ball pythons
  11 bats
  4 giant newts
  2 kobolds
  6 rats
83 creatures vanquished.

Vanquished Creatures (others)
  A wizard (D:5)
1 creature vanquished.

Grand Total: 84 creatures vanquished

Notes
Turn   | Place    | Note
--------------------------------------------------------------
     0 | D:1      | aurelian the Gargoyle Gladiator began the quest for the Orb.
     0 | D:1      | Reached XP level 1. HP: 12/12 MP: 1/1
    94 | D:1      | Reached XP level 2. HP: 17/17 MP: 2/2
   728 | D:1      | Reached skill level 4 in Maces & Flails
   867 | D:2      | Reached XP level 3. HP: 21/21 MP: 3/3
  1407 | D:2      | Found a glowing golden altar of the Shining One.
  1637 | D:3      | Reached XP level 4. HP: 19/26 MP: 4/4
  1639 | D:3      | Reached skill level 5 in Maces & Flails
  1896 | D:3      | Noticed an ogre
  1925 | D:4      | Reached XP level 5. HP: 30/30 MP: 5/5
  2150 | D:4      | Got an ancient helmet
  2187 | D:4      | Identified the cursed +0 helmet "Tetreaf" {Str+3 Dex-3 Stlth+} (You found it on level 4 of the Dungeon)
  2219 | D:4      | Reached skill level 6 in Maces & Flails
  2223 | D:4      | Got an ebony trident
  2224 | D:4      | Identified the +3 trident of Diddaosh {drain, Str+3 Stlth+} (You found it on level 4 of the Dungeon)
  3279 | D:5      | Entered Level 5 of the Dungeon
  3285 | D:5      | Reached XP level 6. HP: 35/35 MP: 6/6
  3405 | D:5      | Found a bloodstained altar of Trog.
  3407 | D:5      | Noticed a wizard
  3413 | D:5      | Killed a wizard
  3439 | D:5      | Got a fine wooden ring
  3441 | D:5      | Identified the ring of Julokh {*Tele MR++ Str-3} (You found it on level 5 of the Dungeon)
  3486 | D:5      | Found Vuarchido's Weapon Boutique.
  3529 | D:5      | Found a sparkling altar of Nemelex Xobeh.
  3530 | D:5      | Found an opulent altar of Gozag.
  3629 | D:5      | Reached skill level 7 in Maces & Flails
  3875 | D:5      | Found a staircase to the Ecumenical Temple.
  3882 | Temple   | Entered the Ecumenical Temple
  3946 | Temple   | Became a worshipper of Warmaster Okawaru
  4067 | D:5      | Noticed Menkaure
  4077 | D:5      | Slain by Menkaure

Vault maps used:
D:1:      dpeg_arrival_renting, st_stairs_6
D:2:      old_standard_altar, corner_web_ring
D:3:      minivault_5, minmay_misc_feat_plants
D:4:      kennysheep_generic_room_4
D:5:      grunt_temple_overflow_opulence, temple_statues, serial_shops, shop,
          portal_sewer_entry_a, first_bread, trog_wizard,
          uniq_crazy_yiuf_cottage, uniq_menkaure
Temple:   circular_temple_12

Skill      XL: |  1  2  3  4  5  6 |
---------------+-------------------+-----
Maces & Flails | 4 5 6 7 |  7.4
Fighting       | |  2.1
Throwing       | |  1.7
Dodging        | |  2.4

Action                   |  1- 3 |  4- 6 || total
-------------------------+-------+-------++-------
Melee: Flail             |   132 |   194 ||   326
 Fire: Hunting sling     |       |    20 ||    20
Throw: Stone             |    12 |       ||    12
       Throwing net      |     1 |       ||     1
  Use: Scroll            |       |     9 ||     9
  Eat: Chunk             |     2 |     8 ||    10
Armor: Leather armour    |    59 |       ||    59
       Ring mail         |    18 |    90 ||   108
Dodge: Dodged            |    92 |   116 ||   208
